 Dungeon Crawl Stone Soup version 0.23.1-42-g8abd8fc (webtiles) character file.

Game seed: 17901220745963572677

130 esteth the Magician (level 5, -1/37 HPs)
             Began as a Gnoll Wizard on Mar 30, 2019.
             Slain by a wight
             ... wielding a cursed +4 short sword
              (6 damage)
             ... on level 3 of the Dungeon.
             The game lasted 00:10:16 (2519 turns).

esteth the Magician (Gnoll Wizard)                  Turns: 2519, Time: 00:10:16

Health: -1/37      AC:  5    Str: 10    XL:     5   Next: 14%
Magic:  0/14       EV: 13    Int: 21    God:
Gold:   94         SH:  0    Dex: 13    Spells: 7/18 levels left

rFire    . . .     SeeInvis .   l - +2 dagger (venom)
rCold    . . .     Gourm    .   (no shield)
rNeg     . . .     Faith    .   a - +1 robe
rPois    .         Spirit   .   b - +2 hat
rElec    .         Reflect  .   (no cloak)
rCorr    .         Harm     .   (no gloves)
MR       .....                  (no boots)
Stlth    ++........             j - amulet of the acrobat
HPRegen  0.12/turn              (no ring)
MPRegen  0.14/turn              (no ring)

@: very slightly contaminated, drained
A: distributed training, fangs 1, strong nose
a: no special abilities


You were on level 3 of the Dungeon.
You were hungry.

You visited 1 branch of the dungeon, and saw 3 of its levels.

You collected 94 gold pieces.

Inventory:

Hand Weapons
 h - a +1 club
 l - a +2 dagger of venom (weapon)
Armour
 a - a +1 robe (worn)
 b - a +2 hat (worn)
Jewellery
 j - an amulet of the acrobat (around neck)
 k - an uncursed ring of ice
Scrolls
 i - a scroll of enchant weapon
 m - a scroll of magic mapping
 n - a scroll of enchant armour
 o - a scroll of remove curse
 r - a scroll of identify
 s - a scroll of fog {unknown}
 t - a scroll of noise {unknown}
Potions
 c - a potion of curing
 e - a potion of might {unknown}
 f - a potion of brilliance {unknown}
 g - 5 potions of haste {unknown}
 p - a potion of magic
 q - a potion of heal wounds {unknown}
Comestibles
 d - 5 rations


   Skills:
 + Level 1.3(0.3) Fighting
 + Level 1.3(0.3) Short Blades
 + Level 1.3(0.3) Long Blades
 + Level 1.3(0.3) Axes
 + Level 1.3(0.3) Maces & Flails
 + Level 1.3(0.3) Polearms
 + Level 1.3(0.3) Staves
 + Level 1.3(0.3) Slings
 + Level 1.3(0.3) Bows
 + Level 1.3(0.3) Crossbows
 + Level 1.3(0.3) Throwing
 + Level 1.3(0.3) Armour
 + Level 4.7(3.6) Dodging
 + Level 4.3(3.2) Stealth
 + Level 1.3(0.3) Shields
 + Level 1.3(0.3) Unarmed Combat
 + Level 7.2(6.0) Spellcasting
 + Level 2.3(1.3) Conjurations
 + Level 1.1(0.1) Hexes
 + Level 1.1(0.1) Charms
 + Level 2.3(1.3) Summonings
 + Level 1.1(0.1) Necromancy
 + Level 2.3(1.3) Translocations
 + Level 1.1(0.1) Transmutations
 + Level 1.1(0.1) Fire Magic
 + Level 1.1(0.1) Ice Magic
 + Level 1.1(0.1) Air Magic
 + Level 1.1(0.1) Earth Magic
 + Level 1.1(0.1) Poison Magic
 + Level 1.5(0.5) Invocations
 + Level 1.3(0.3) Evocations


You had 7 spell levels left.
You knew the following spells:

 Your Spells              Type           Power        Failure   Level  Hunger
a - Magic Dart            Conj           ##..         5%          1    None
b - Blink                 Tloc           N/A          9%          2    None
c - Call Imp              Summ           ##......     9%          2    None
d - Conjure Flame         Conj/Fire      #.......     22%         3    ##.....
e - Mephitic Cloud        Conj/Pois/Air  #.......     24%         3    ##.....

Your spell library contained the following spells:

 Spells                   Type           Power        Failure   Level  Hunger
 Slow                     Hex            #.......     14%         2    None


Dungeon Overview and Level Annotations

Branches:
Dungeon (3/15)

Altars:
Nemelex Xobeh
Okawaru
Sif Muna
Trog
Uskayaw


Innate Abilities, Weirdness & Mutations

Your experience applies equally to all skills.
You have very sharp teeth.
Your uncanny sense of smell can sniff out nearby items.


Message History

The wight is almost destroyed.
The wight hits you with a cursed +4 short sword!
* * * LOW HITPOINT WARNING * * *
Casting: Magic Dart (safe; 5% risk of failure)
Confirm with . or Enter, or press ? or * to list all spells.
Aiming: Magic Dart (safe; 5% risk of failure)
Press: ? - help, Shift-Dir - straight line, f/p - wight
Aim: a wight, wielding a +4 short sword and wearing a +0 robe (almost destroyed)
The magic dart hits the wight but does no damage.
The wight is almost destroyed.
The wight completely misses you.
Casting: Magic Dart (safe; 5% risk of failure)
Confirm with . or Enter, or press ? or * to list all spells.
Aiming: Magic Dart (safe; 5% risk of failure)
Press: ? - help, Shift-Dir - straight line, f/p - wight
Aim: a wight, wielding a +4 short sword and wearing a +0 robe (almost destroyed)
The magic dart hits the wight but does no damage.
The wight is almost destroyed.
The wight hits you with a cursed +4 short sword.
You die...

#.#..z....# #...#+#.....)....
#.##......# #...#.#..#####.##
#.##..z...# #...#.##...##...#
###z##......#####...#.##..##.....
r..o.zz...z...............#......
###z#######.#########.###....._..
...# #.# #.# #.#...... #####
#.#########.###.##.....
#....z@..........##...#
############....#.##.##
#....#.....# #....#..##..
#....#...#.# ####.##..#.#
#...###.#.# #.#####...#
#.........#


You could see a wight.

Vanquished Creatures
  4 gnolls
  2 adders
  2 oozes
  A dart slug (D:1)
  5 leopard geckos
  9 giant cockroaches
  6 goblins
  7 hobgoblins
  A ball python (D:3)
  7 bats
  4 frilled lizards
  6 kobolds
  6 rats
60 creatures vanquished.

Notes
Turn   | Place    | Note
-------+----------+-------------------------------------------
     0 | D:1      | esteth the Gnoll Wizard began the quest for the Orb.
     0 | D:1      | Reached XP level 1. HP: 13/13 MP: 8/8
   139 | D:1      | Reached XP level 2. HP: 19/19 MP: 0/10
   800 | D:1      | Learned a level 2 spell: Blink
   803 | D:1      | Learned a level 2 spell: Call Imp
   916 | D:1      | Reached XP level 3. HP: 25/25 MP: 3/11
  1240 | D:2      | Reached skill level 1 in Invocations
  1443 | D:2      | Found an iron altar of Okawaru.
  1443 | D:2      | Found a bloodstained altar of Trog.
  1481 | D:2      | Reached skill level 1 in Fighting
  1481 | D:2      | Reached skill level 1 in Short Blades
  1481 | D:2      | Reached skill level 1 in Long Blades
  1481 | D:2      | Reached skill level 1 in Axes
  1481 | D:2      | Reached skill level 1 in Maces & Flails
  1481 | D:2      | Reached skill level 1 in Polearms
  1481 | D:2      | Reached skill level 1 in Staves
  1481 | D:2      | Reached skill level 1 in Slings
  1481 | D:2      | Reached skill level 1 in Bows
  1481 | D:2      | Reached skill level 1 in Crossbows
  1481 | D:2      | Reached skill level 1 in Throwing
  1481 | D:2      | Reached skill level 1 in Armour
  1481 | D:2      | Reached skill level 1 in Shields
  1481 | D:2      | Reached skill level 1 in Unarmed Combat
  1481 | D:2      | Reached skill level 1 in Evocations
  1481 | D:2      | Reached XP level 4. HP: 32/32 MP: 5/13
  1735 | D:2      | Found a hide-covered altar of Uskayaw.
  2019 | D:2      | Learned a level 3 spell: Conjure Flame
  2023 | D:2      | Learned a level 3 spell: Mephitic Cloud
  2027 | D:3      | Reached skill level 1 in Hexes
  2027 | D:3      | Reached skill level 1 in Charms
  2027 | D:3      | Reached skill level 1 in Necromancy
  2027 | D:3      | Reached skill level 1 in Transmutations
  2027 | D:3      | Reached skill level 1 in Fire Magic
  2027 | D:3      | Reached skill level 1 in Ice Magic
  2027 | D:3      | Reached skill level 1 in Air Magic
  2027 | D:3      | Reached skill level 1 in Earth Magic
  2027 | D:3      | Reached skill level 1 in Poison Magic
  2096 | D:3      | Reached XP level 5. HP: 37/37 MP: 7/14
  2191 | D:3      | Found a deep blue altar of Sif Muna.
  2232 | D:3      | Found a sparkling altar of Nemelex Xobeh.
  2519 | D:3      | Slain by a wight

Skill      XL: |  1  2  3  4 |
---------------+-------------+-----
Conjurations   | 2 |  2.3
Summonings     | 2 |  2.3
Translocations | 2 |  2.3
Invocations    | 1 |  1.5
Fighting       | 1 |  1.3
Short Blades   | 1 |  1.3
Long Blades    | 1 |  1.3
Axes           | 1 |  1.3
Maces & Flails | 1 |  1.3
Polearms       | 1 |  1.3
Staves         | 1 |  1.3
Slings         | 1 |  1.3
Bows           | 1 |  1.3
Crossbows      | 1 |  1.3
Throwing       | 1 |  1.3
Armour         | 1 |  1.3
Shields        | 1 |  1.3
Unarmed Combat | 1 |  1.3
Evocations     | 1 |  1.3
Hexes          | 1 |  1.1
Charms         | 1 |  1.1
Necromancy     | 1 |  1.1
Transmutations | 1 |  1.1
Fire Magic     | 1 |  1.1
Ice Magic      | 1 |  1.1
Air Magic      | 1 |  1.1
Earth Magic    | 1 |  1.1
Poison Magic   | 1 |  1.1
Dodging        | |  4.7
Stealth        | |  4.3
Spellcasting   | |  7.2

Action                   |  1- 3 |  4- 6 || total
-------------------------+-------+-------++-------
Melee: Unarmed           |     7 |       ||     7
       Club              |     4 |       ||     4
       Bite              |     4 |     3 ||     7
       Dagger            |    49 |    45 ||    94
       Punch             |       |     1 ||     1
 Cast: Magic Dart        |    47 |    39 ||    86
       Mephitic Cloud    |       |     2 ||     2
       Call Imp          |       |     3 ||     3
       Conjure Flame     |       |     1 ||     1
       Blink             |       |     1 ||     1
  Use: Scroll            |     7 |     4 ||    11
 Stab: Sleeping          |     4 |     1 ||     5
       Confused          |       |     1 ||     1
  Eat: Chunk             |     2 |     2 ||     4
Armor: Robe              |    15 |    13 ||    28
Dodge: Dodged            |    56 |   110 ||   166
